 Dungeon Crawl Stone Soup version 0.17-a0-2074-gaf3f87d (webtiles) character file.

43 Atheist the Magician (level 3, -3/26 HPs)
             Began as a Demigod Wizard on Oct 15, 2015.
             Slain by a gnoll
             ... wielding a +0 flail
              (7 damage)
             ... on level 2 of the Dungeon.
             The game lasted 00:09:13 (1877 turns).

Atheist the Magician (Demigod Wizard)               Turns: 1877, Time: 00:09:13

Health: -3/26      AC:  2    Str: 12    XL:     3   Next: 20%
Magic:  1/9        EV:  8    Int: 22    God:
Gold:   79         SH:  0    Dex: 14    Spells: 3 memorised, 2 levels left

rFire  . . .     SeeInvis .     i - +0 short sword
rCold  . . .     Clarity  .     a - +0 robe
rNeg   . . .     SustAt   +     (no shield)
rPois  .         Gourm    .     b - +0 hat
rElec  .         Spirit   .     (no cloak)
rCorr  .         Warding  .     (no gloves)
rMut   .         Stasis   .     (no boots)
MR     .....                    m - amulet of rage
Stlth  ++........               (no ring)
                                (no ring)

@: very slightly contaminated, not resistant to hostile enchantments, unstealthy
A: high mp 1, sustain attributes
a: Evoke Berserk Rage


You were on level 2 of the Dungeon.
You were not hungry.

You visited 1 branch of the dungeon, and saw 2 of its levels.

You collected 79 gold pieces.

Inventory:

Hand Weapons
 i - a +0 short sword (weapon)
Armour
 a - a +0 robe (worn)
 b - a +0 hat (worn)
Jewellery
 m - an amulet of rage (around neck)
Scrolls
 e - 3 scrolls of identify {unknown}
 h - a scroll of enchant weapon {unknown}
 k - a scroll of recharging {unknown}
Potions
 l - a potion of cancellation {unknown}
 n - a potion of curing {unknown}
Books
 c - a book of Minor Magic

   Spells                             Type                      Level
   a - Magic Dart                     Conjuration                  1
   b - Blink                          Translocation                2
   c - Call Imp                       Summoning                    2
   d - Repel Missiles                 Charms/Air                   2
   e - Slow                           Hexes                        2
   f - Conjure Flame                  Conjuration/Fire             3
   g - Mephitic Cloud                 Conjuration/Poison/Air       3
Comestibles
 d - 2 bread rations
 g - a meat ration
 j - a beef jerky


   Skills:
 + Level 2.4 Dodging
 + Level 2.3 Stealth
 - Level 2.6 Spellcasting
 + Level 1.5 Conjurations
 * Level 1.6 Summonings
 - Level 0.8 Translocations


You had 2 spell levels left.
You knew the following spells:

 Your Spells              Type           Power        Failure   Level  Hunger
a - Magic Dart            Conj           #...         10%         1    None
b - Blink                 Tloc           N/A          14%         2    ##.....
c - Call Imp              Summ           ##......     12%         2    ##.....


Dungeon Overview and Level Annotations

Branches:
Dungeon (2/15)


Innate Abilities, Weirdness & Mutations

You have an increased reservoir of magic (+10% MP).
Your attributes are resistant to harm.


Message History

Your crimson imp disappears in a puff of smoke!
Your shadow imp disappears in a puff of smoke!
The gnoll misses you. The gnoll hits you with a flail!
Ouch! That really hurt!
Your white imp hits the gnoll but does no damage.
An adder comes into view.
The adder bites your white imp but does no damage.
The gnoll hits you but does no damage.
Your white imp hits the adder.
Your white imp freezes the adder.
The adder seems to slow down.
There is a stone staircase leading up here.
Casting: Magic Dart
Confirm with . or Enter, or press ? or * to list all spells.
Okay, then.
The gnoll hits you from afar with a spear!
* * * LOW HITPOINT WARNING * * *
Your white imp gestures at the adder.
The puff of frost hits the adder.
The adder dies!
The gnoll hits you with a flail!
You die...

#....g###.#
#.....##
####...## #
####..##.##
#.........##
#..5)........
#.g.......##.
#.g.......#
#.@.......#
#.).......#
...........#
###...........
..######....
### #..# #.


You could see 2 gnolls and a friendly white imp.

Vanquished Creatures
  2 giant geckos (D:1)
  2 giant cockroaches (D:1)
  6 goblins
  3 hobgoblins (D:1)
  2 jackals (D:1)
  5 bats (D:1)
  3 giant newts (D:1)
  3 kobolds (D:1)
  5 rats (D:1)
31 creatures vanquished.

Vanquished Creatures (collateral kills)
  A gnoll (D:2)
  An adder (D:2)
2 creatures vanquished.

Grand Total: 33 creatures vanquished

Notes
Turn   | Place    | Note
--------------------------------------------------------------
     0 | D:1      | Atheist the Demigod Wizard began the quest for the Orb.
     0 | D:1      | Reached XP level 1. HP: 14/14 MP: 6/6
   365 | D:1      | Reached skill level 1 in Conjurations
   462 | D:1      | Reached XP level 2. HP: 20/20 MP: 2/8
   514 | D:1      | Learned a level 2 spell: Blink
   517 | D:1      | Learned a level 2 spell: Call Imp
   538 | D:1      | Reached skill level 1 in Summonings
  1866 | D:2      | Reached XP level 3. HP: 26/26 MP: 0/9
  1877 | D:2      | Slain by a gnoll

Vault maps used:
D:1:      dpeg_arrival_long_road
D:2:      grunt_temple_overflow_forces_of_nature, grunt_temple_overflow_open,
          serial_curves, eino_curves_02, eino_curves_01

Action                   || total
-------------------------++-------
Melee: Unarmed           ||    33
       Short sword       ||    15
       Mace              ||     8
       Club              ||     5
 Cast: Magic Dart        ||    50
       Call Imp          ||     3
 Stab: Sleeping          ||     2
  Eat: Chunk             ||     3
